 Dungeon Crawl Stone Soup version 0.31-a0-1549-g5ff9445e89 (webtiles) character file.

Game seed: 3962124777062134849

357 jasper the Trooper (level 6, -3/51 HPs)
             Began as a Demonspawn Cinder Acolyte on Jan 2, 2024.
             Was an Elder of Ignis.
             Slain by a hobgoblin
             ... wielding a +0 scythe
              (5 damage)
             ... on level 4 of the Dungeon.
             The game lasted 00:05:39 (3236 turns).

jasper the Trooper (Demonspawn Cinder Acolyte)      Turns: 3236, Time: 00:05:40

Health: -3/51      AC: 13    Str: 16    XL:     6   Next: 37%
Magic:  0/7        EV: 11    Int: 18    God:    Ignis [****..]
Gold:   65         SH:  0    Dex: 14    Spells: 7/7 levels left

rFire   + .          .
                       - Unarmed
rCold   . . .        (no shield)
rNeg    . . .        e - +0 leather armour
rPois   +            n - +0 helmet "Ithudeng" {*Slow rPois Int+4 Dex+5}
rElec   .            (no cloak)
rCorr   .            c - +1 pair of gloves
SInv    .            (no boots)
Will    .....        (no amulet)
Stlth   +            (no ring)
HPRegen 0.28/turn    (no ring)
MPRegen 0.20/turn

%: slow self (1%), guardian spirit
@: fiery-armoured
A: magic shield, magic regeneration, demonic touch 1
a: Renounce Religion, Fiery Armour, Foxfire Swarm, Rising Flame


You were on level 4 of the Dungeon.
You worshipped Ignis.
Ignis was greatly pleased with you.
You visited 1 branch of the dungeon, and saw 4 of its levels.

You collected 185 gold pieces.
You spent 120 gold pieces at shops.

Inventory:

Missiles
 d - 57 stones (quivered)
Armour
 a - a +0 robe
 c - a +1 pair of gloves (worn)
 e - a +0 leather armour (worn)
 n - the +0 helmet "Ithudeng" (worn) {*Slow rPois Int+4 Dex+5}
   (You took it off Robin on level 3 of the Dungeon)

   Int+4:     It affects your intelligence (+4).
   Dex+5:     It affects your dexterity (+5).
   rPois:     It protects you from poison *Slow: It may slow you when you take
   damage.
Jewellery
 l - an amulet of faith
Wands
 m - a wand of paralysis (1)
Scrolls
 i - 4 scrolls of teleportation
 k - a scroll of fear
 p - a scroll of amnesia
Potions
 b - 2 potions of ambrosia
 f - a potion of invisibility
 g - 2 potions of might
 h - a potion of lignification
 j - a potion of curing
 o - a potion of resistance {unknown}
 q - 2 potions of degeneration


   Skills:
 + Level 5.5 Fighting
 + Level 5.0 Unarmed Combat
 - Level 1.0 Spellcasting
 - Level 2.6 Fire Magic


You had 7 spell levels left.
You didn't know any spells.
Your spell library contained the following spells:

 Spells                   Type           Power      Damage    Failure   Level
 Scorch                   Fire           20%        2d5       12%         2
 Sting                    Conj/Alch      0%         1d3       24%         1
 Mercury Vapours          Alch/Air       0%         N/A       36%         2
 Anguish                  Hex/Necr       0%         N/A       94%         4
 Cause Fear               Hex            0%         N/A       94%         4
 Olgreb's Toxic Radiance  Alch           0%         N/A       94%         4
 Sculpt Simulacrum        Ice/Alch       0%         N/A       100%        6
 Enfeeble                 Hex            0%         N/A       100%        7
 Ozocubu's Refrigeration  Ice            0%         4d7       100%        7
 Polar Vortex             Ice            0%         N/A       100%        9


Dungeon Overview and Level Annotations

Branches:
Dungeon (4/15)
 Temple: D:4-7

Altars:

Shops:
D:3 *


Innate Abilities, Weirdness & Mutations

When hurt, damage is shared between your health and your magic reserves.
You regenerate magic rapidly.
Your touch may inflict minor irresistible damage on your foes.


Message History

4 hobgoblins come into view.
The hobgoblin shouts! x2; You hear a shout!
The hobgoblin hits you from afar with a +0 scythe.
The hobgoblin hits you from afar with a +0 scythe!
The hobgoblin moves out of view.
You take 9 damage, and have 38/51 hp.
You now have 5/7 mp.
A hobgoblin comes into view. It is wielding a +0 scythe.
The hobgoblin shouts!
The hobgoblin barely misses you. x2; The hobgoblin closely misses you.
The hobgoblin hits you with a +0 scythe.
The hobgoblin misses you.
There is an open door here.
You take 1 damage, and have 37/51 hp.
You hit the hobgoblin.
You kill the hobgoblin!
The hobgoblin hits you with a +0 scythe!
The hobgoblin closely misses you. The hobgoblin barely misses you.
The hobgoblin closely misses you.
You take 8 damage, and have 29/51 hp.
You now have 4/7 mp.
The hobgoblin hits you with a +0 scythe!
The hobgoblin barely misses you. The hobgoblin closely misses you.
The hobgoblin hits you with a +0 scythe.
Things that are here:
a +0 scythe; a +0 robe; a hobgoblin corpse You take 9 damage, and have 20/51 hp.
You now have 3/7 mp.
You hit the hobgoblin.
The hobgoblin is moderately wounded.
The hobgoblin hits you with a +0 scythe.
The hobgoblin closely misses you.
The hobgoblin hits you with a +0 scythe!
* * * LOW HITPOINT WARNING * * *
The hobgoblin barely misses you.
You take 9 damage, and have 11/51 hp.
You now have 2/7 mp.
A protective cloak of flame settles atop you.
The hobgoblin hits you with a +0 scythe!
* * * LOW HITPOINT WARNING * * *
The hobgoblin is burned by your cloak of flames.
The hobgoblin is severely wounded.
The hobgoblin hits you with a +0 scythe.
You die...

...........##.....## #..#
.....#####........# #..#
.....# ###......# ##.## #...##
##..#....## #.. #
.##.######..##.....####.#.###
...........###.......##.#...##
###....##.....#####...........
####..†.#####.gg###...##...
##..## #g@g#.##...# #######..#
##'##......# .........#
#.....###..#####
......##....###..#### #......#
......#####.##..##### #.#....#
......# #.........###.#....#
......# #########..........#
......# #######....# ......#
#....#


You could see 4 hobgoblins.

Vanquished Creatures
  An ogre (D:4)
  A scorpion (D:4)
  2 iguanas
  Robin (D:3)
  7 adders
  3 dart slugs
  6 ball pythons
  3 endoplasms
  3 giant cockroaches
  9 goblins
  10 hobgoblins
  6 jackals (D:4)
  10 kobolds
  4 quokkas
  7 bats
  4 frilled lizards
  7 rats
84 creatures vanquished.

Notes
Turn   | Place    | Note
-------+----------+-------------------------------------------
     0 | D:1      | jasper the Demonspawn Cinder Acolyte began the quest for
                  | the Orb.
     0 | D:1      | Reached XP level 1. HP: 18/18 MP: 2/2
   180 | D:1      | Gained mutation: You regenerate magic rapidly. [demonic
                  | ancestry]
   180 | D:1      | Reached XP level 2. HP: 24/24 MP: 3/3
   359 | D:1      | You fall into a shaft and drop 1 floor!
   421 | D:2      | Gained mutation: When hurt, damage is shared between your
                  | health and your magic reserves. [demonic ancestry]
   421 | D:2      | Reached XP level 3. HP: 6/30 MP: 4/4
  1349 | D:2      | Reached XP level 4. HP: 37/37 MP: 3/5
  2296 | D:3      | Found Ycuat's Assorted Antiques.
  2306 | D:3      | Bought a triangular jasper amulet for 120 gold pieces
  2357 | D:3      | Found a faded altar of an unknown god.
  2372 | D:3      | Identified the +0 helmet "Ithudeng" {*Slow rPois Int+4
                  | Dex+5}
  2372 | D:3      | Noticed Robin
  2388 | D:3      | Killed Robin
  2685 | D:3      | Reached XP level 5. HP: 43/43 MP: 6/6
  2799 | D:4      | Noticed an ogre
  2814 | D:4      | Killed an ogre
  2815 | D:4      | Reached skill level 5 in Fighting
  2947 | D:4      | Gained mutation: Your touch may inflict minor irresistible
                  | damage on your foes. [demonic ancestry]
  2947 | D:4      | Reached XP level 6. HP: 39/51 MP: 5/7
  3128 | D:4      | Reached skill level 5 in Unarmed Combat
  3236 | D:4      | HP: 2/51 [hobgoblin/+0 scythe (9)]
  3236 | D:4      | Slain by a hobgoblin

Illustrated notes

Levels and vault maps discovered:
D:1:      shiori_arrival_oz, layout_rooms
D:2:      layout_basic
D:3:      layout_loops_cross, nicolae_ecumenical_oubliette, serial_shops,
          nicolae_lakefront_shop, serial_bayou_pond_a, uniq_robin
D:4:      layout_rooms, gup_sewer_entry_pipe, sigmund_army

Skill      XL: |  1  2  3  4  5  6 |
---------------+-------------------+-----
Unarmed Combat | 3 4 5 |  5.0
Fighting       | 4 5 |  5.5
Spellcasting   | |  1.0
Fire Magic     | |  2.6

Action                     |  1- 3 |  4- 6 || total
---------------------------+-------+-------++-------
  Melee: Unarmed           |   139 |   142 ||   281
         Punch             |     1 |     3 ||     4
         Touch             |       |     3 ||     3
  Throw: Stone             |       |     2 ||     2
 Invoke: Fiery Armour      |     1 |     4 ||     5
  Evoke: Wand              |       |     2 ||     2
    Use: Scroll            |     4 |    10 ||    14
   Stab: Paralysed         |       |     3 ||     3
 Armour: Robe              |    19 |       ||    19
         Leather armour    |    64 |    98 ||   162
  Dodge: Dodged            |    69 |    91 ||   160

Table legend: (Time is in decaauts)
 A = Elapsed time spent in this place.
 B = Non-inter-level travel time spent in this place.
 C = Inter-level travel time spent in this place.
 D = Time resting spent in this place.
 E = Time spent auto-exploring this place.
 F = Levels seen in this place.
 G = Mean time per level.
                   A        B        C        D        E       F      G
               +--------+--------+--------+--------+--------+-----+--------+
         Total |   3218 |   3070 |    148 |    137 |   2253 |   4 |  804.5 |
       Dungeon |   3218 |   3070 |    148 |    137 |   2253 |   4 |  804.5 |
               +--------+--------+--------+--------+--------+-----+--------+

Top non-repeatable levels by time:
     D:2: 1281 daAuts
     D:3: 758 daAuts
     D:1: 732 daAuts
     D:4: 445 daAuts
